 Dungeon Sprint DCSS version 0.31-a0-716-gc7603755dd (webtiles) character file.

Game seed: 7966753393314572668

1350 rocky1 the Carver (level 8, 0/65 HPs)
             Began as a Djinni Fighter on Sept 11, 2023.
             Was an Initiate of Gozag.
             Slain by a two-headed ogre
             ... wielding a +0 giant club
              (24 damage)
             ... in the Dungeon (Sprint IX: "|||||||||||||||||||||||||||||").
             The game lasted 00:01:37 (379 turns).

rocky1 the Carver (Djinni Fighter)                   Turns: 379, Time: 00:01:38

Health: 0/65       AC: 10    Str: 15    XL:     8   Next: 94%
Gold:   675        EV: 11    Int: 10    God:    Gozag SH:  6 Dex: 21

rFire   + + .        l - +2 scimitar (holy)
rCold   x . .        c - +0 buckler
rNeg    . . .        b - +0 scale mail
rPois   ∞            p - +0 helmet
rElec   .            (no cloak)
rCorr   .            o - +0 pair of gloves
SInv    .            (boots unavailable)
Will    .....        (no amulet)
Stlth   +            m - +3 ring of dexterity
HPRegen 0.30/turn    n - +3 ring of dexterity
MPRegen 0.00/turn

%: no teleportation, infuse magic (-1 HP)
@: gold aura, flying, invisible
A: sickness immunity, fire resistance 2, cold vulnerability 1, float, innate
caster, HP casting, extra vitality 1
a: Renounce Religion, Potion Petition, Call Merchant, Bribe Branch


You were in the Dungeon.
You worshipped Gozag.
Gozag was pleased with you.
You visited 1 branch You collected 675 gold pieces.

Inventory:

Hand Weapons
 a - a +0 long sword
 l - a +2 scimitar of holy wrath (weapon)
Armour
 b - a +0 scale mail (worn)
 c - a +0 buckler (worn)
 o - a +0 pair of gloves (worn)
 p - a +0 helmet (worn)
Jewellery
 m - a +3 ring of dexterity (left hand)
 n - a +3 ring of dexterity (right hand)
Wands
 k - a wand of roots (10)
Scrolls
 i - 2 scrolls of blinking
Potions
 d - a potion of might
 f - 2 potions of heal wounds
 g - a potion of haste
 j - 4 potions of curing


   Skills:
 + Level 7.7 Fighting
 * Level 13.0 Long Blades
 + Level 7.9 Armour
 + Level 3.5 Dodging
 + Level 1.4 Stealth
 + Level 6.3 Shields


You knew the following spells:

 Your Spells              Type           Power      Damage    Failure   Level
a - Sandblast             Erth           0%         2d4       83%         1
b - Searing Ray           Conj           0%         2d4       93%         2
c - Scorch                Fire           0%         2d5       93%         2
Your spell library was empty.

Dungeon Overview and Level Annotations

Branches:
Dungeon (1/1)

Altars:
Cheibriados
Dithmenos
Elyvilon
Fedhas
Gozag
Hepliaklqana
Makhleb
Nemelex Xobeh
Okawaru
Qazlal
Ru
Trog
Uskayaw
Wu Jian
Xom
Yredelemnul
Zin
The Shining One
Jiyva
Lugonu


Innate Abilities, Weirdness & Mutations

You are immune to sickness and miasma.
You are immune to poison.
Your flesh is very heat resistant. (rF++)
You are vulnerable to cold. (rC-)
You float through the air rather than walking.
You learn spells naturally, not from books.
Your magical power is your life essence.
You have superior vitality. (+4 MHP)


Message History

The two-headed ogre hits you with a +0 giant club.
The two-headed ogre barely misses you.
The boulder beetle stops rolling and uncurls.
Unknown command.
You slash the two-headed ogre!
The two-headed ogre is moderately wounded.
You block the two-headed ogre's attack. x2
You barely miss the two-headed ogre.
The two-headed ogre is moderately wounded.
You strike the helpless two-headed ogre from behind!
You slash the two-headed ogre!
The two-headed ogre is heavily wounded.
The two-headed ogre hits you with a +0 giant club!
The two-headed ogre completely misses you.
You slice the two-headed ogre!!
The two-headed ogre is almost dead.
You slash the two-headed ogre!
You kill the two-headed ogre!
Your Long Blades skill gained 2 levels and is now at level 13!
Your Stealth skill increases to level 1!
You slash the two-headed ogre!
The two-headed ogre is moderately wounded.
You slash the two-headed ogre!
The two-headed ogre is moderately wounded.
You block the two-headed ogre's attack. x2
You strike the helpless two-headed ogre from behind!
You slash the two-headed ogre!
The two-headed ogre is heavily wounded.
The meliai invokes the aid of its god against you.
Something smites you!
You hit the two-headed ogre but do no damage.
The two-headed ogre is heavily wounded.
The two-headed ogre hits you with a +0 giant club!
The two-headed ogre closely misses you.
The cyclops throws a large rock.
The large rock hits the boulder beetle!!
You slash the two-headed ogre!
The two-headed ogre is severely wounded.
The two-headed ogre hits you with a +0 giant club!!
You die...
Your body crumbles into a pile of gold. ▓▓▓▓▓▓▓▓▓▓▓▓▓▓▓▓▓▓▓▓▓▓▓▓ ..yyCBO@....)'..[...)?!' ▓▓▓▓▓▓▓▓▓▓▓▓▓▓▓▓▓▓▓▓▓▓▓▓

You could see a boulder beetle (unable to see you), a two-headed ogre (unable to see you), a cyclops (unable to see you), a vampire mosquito (unable to see you) and a meliai (unable to see you).

Vanquished Creatures
  A two-headed ogre (D)
  A yak (D)
  A wraith (D)
  2 wyverns (D)
  A centaur (D)
  A scorpion (D)
  A killer bee (D)
  A shadow imp (D)
  An ufetubus (D)
  A dart slug (D)
  An orc (D)
  2 kobolds (D)
  A quokka (D)
  A ball python (D)
  A frilled lizard (D)
17 creatures vanquished.

Notes
Turn   | Place    | Note
-------+----------+-------------------------------------------
     0 | D        | rocky1 the Djinni Fighter began the quest for the Orb.
     0 | D        | Reached XP level 1. HP: 20/20 MP: 0/0
     6 | D        | Reached skill level 2 in Long Blades
    12 | D        | Reached XP level 2. HP: 25/25 MP: 0/0
    27 | D        | Noticed a scorpion
    35 | D        | Reached skill level 3 in Long Blades
    35 | D        | Reached XP level 3. HP: 19/31 MP: 0/0
    35 | D        | Learned a level 1 spell: Sandblast
    49 | D        | HP: 1/31 [scorpion (6)]
    52 | D        | Killed a scorpion
    53 | D        | Reached skill level 5 in Long Blades
    53 | D        | Reached skill level 1 in Dodging
    53 | D        | Reached XP level 4. HP: 38/38 MP: 0/0
    63 | D        | Found a snail-covered altar of Cheibriados.
    63 | D        | Found a shadowy altar of Dithmenos.
    63 | D        | Found a white marble altar of Elyvilon.
    63 | D        | Found a blossoming altar of Fedhas.
    63 | D        | Found an opulent altar of Gozag.
    64 | D        | Found a hazy altar of Hepliaklqana.
    65 | D        | Found a viscous altar of Jiyva.
    67 | D        | Found a corrupted altar of Lugonu.
    68 | D        | Found a burning altar of Makhleb.
    69 | D        | Found a sparkling altar of Nemelex Xobeh.
    70 | D        | Found an iron altar of Okawaru.
    71 | D        | Became a worshipper of Gozag Ym Sagoz the Greedy
    72 | D        | Found a stormy altar of Qazlal.
    73 | D        | Found a sacrificial altar of Ru.
    75 | D        | Found a bloodstained altar of Trog.
    76 | D        | Found a hide-covered altar of Uskayaw.
    78 | D        | Found an ornate altar of the Wu Jian Council.
    79 | D        | Found a shimmering altar of Xom.
    80 | D        | Found a basalt altar of Yredelemnul.
    81 | D        | Found a glowing silver altar of Zin.
    82 | D        | Found a glowing golden altar of the Shining One.
   134 | D        | Noticed a centaur
   134 | D        | Noticed a wyvern
   134 | D        | Noticed a yak
   134 | D        | Noticed a wraith
   134 | D        | Noticed a wyvern
   137 | D        | Killed a wyvern
   138 | D        | Reached skill level 5 in Fighting
   138 | D        | Reached skill level 7 in Long Blades
   138 | D        | Reached skill level 5 in Armour
   138 | D        | Reached skill level 5 in Shields
   138 | D        | Reached XP level 5. HP: 43/43 MP: 0/0
   138 | D        | Learned a level 2 spell: Searing Ray
   138 | D        | Reached XP level 6. HP: 49/49 MP: 0/0
   139 | D        | Killed a wraith
   140 | D        | Reached skill level 9 in Long Blades
   144 | D        | Killed a yak
   145 | D        | Reached skill level 10 in Long Blades
   145 | D        | Reached XP level 7. HP: 57/57 MP: 0/0
   145 | D        | Learned a level 2 spell: Scorch
   148 | D        | Killed a wyvern
   149 | D        | Reached skill level 11 in Long Blades
   167 | D        | Reached XP level 8. HP: 32/64 MP: 0/0
   368 | D        | Noticed a meliai
   368 | D        | Noticed a cyclops
   368 | D        | Noticed a boulder beetle
   368 | D        | Noticed a two-headed ogre
   368 | D        | Noticed a two-headed ogre
   374 | D        | Killed a two-headed ogre
   375 | D        | Reached skill level 13 in Long Blades
   375 | D        | Reached skill level 1 in Stealth
   379 | D        | Slain by a two-headed ogre

Illustrated notes

Levels and vault maps discovered:
D:        linesprint [early_d, line_temple, items_1, d_10, items_2, lair_1,
          lair_end, items_3, orc_1, orc_end, items_4, d_15, swamp_1, shoals_1,
          snake_1, spider_1, d_20, vaults_1, items_5, swamp_end, shoals_end,
          snake_end, spider_end, vaults_end, d_27, items_6, zot_1, zot_end,
          crypt_end, forest_end, elf_end, slime_end, tomb_end, abyss_end,
          pan_hell_end]

Skill      XL: |  1  2  3  4  5  6  7  8 |
---------------+-------------------------+-----
Long Blades    | 2 3 5 7 10 11 13 | 13.0
Fighting       | 4 5 6 7 |  7.7
Armour         | 4 5 6 7 |  7.9
Dodging        | 1 2 3 |  3.5
Shields        | 4 5 6 |  6.3
Stealth        | 1 |  1.4

Action                     |  1- 3 |  4- 6 |  7- 9 || total
---------------------------+-------+-------+-------++-------
  Melee: Long sword        |    32 |     4 |       ||    36
         Scimitar          |       |     9 |    31 ||    40
    Use: Potion            |     2 |     1 |     1 ||     4
   Stab: Distracted        |       |       |     1 ||     1
         Invisible         |       |       |     2 ||     2
 Armour: Scale mail        |    25 |     8 |    26 ||    59
  Dodge: Dodged            |    11 |     2 |    24 ||    37
  Block: Buckler           |     5 |     3 |    10 ||    18

Table legend: (Time is in decaauts)
 A = Elapsed time spent in this place.
 B = Non-inter-level travel time spent in this place.
 C = Inter-level travel time spent in this place.
 D = Time resting spent in this place.
 E = Time spent auto-exploring this place.
 F = Levels seen in this place.
 G = Mean time per level.
                   A        B        C        D        E       F      G
               +--------+--------+--------+--------+--------+-----+--------+
         Total |    398 |    398 |      0 |    202 |      0 |   1 |  398.0 |
       Dungeon |    398 |    398 |      0 |    202 |      0 |   1 |  398.0 |
               +--------+--------+--------+--------+--------+-----+--------+

Top non-repeatable levels by time:
       D: 398 daAuts
